 Dungeon Crawl Stone Soup version 0.18-a0-1343-g48c8f86 (webtiles) character file.

39 lyrx the Insei (level 3, -3/23 HPs)
             Began as an Octopode Transmuter on Feb 16, 2016.
             Slain by Ijyb
             ... wielding a cursed +0 dagger
              (4 damage)
             ... on level 2 of the Dungeon.
             The game lasted 00:07:35 (1134 turns).

lyrx the Insei (Octopode Transmuter)                Turns: 1134, Time: 00:07:35

Health: -3/23      AC:  1    Str:  9    XL:     3   Next: 45%
Magic:  6/6        EV: 12    Int: 16    God:
Gold:   31         SH:  0    Dex: 12    Spells: 1 memorised, 5 levels left

rFire  . . .     SeeInvis .       - Unarmed
rCold  . . .     Gourm    .     (no shield)
rNeg   . . .     Faith    .     (helmet restricted)
rPois  .         Spirit   .     (no amulet)
rElec  .         Dismiss  .     (no ring)
rCorr  .         Reflect  .     (no ring)
SustAt .         Harm     .     (no ring)
MR     .....                    (no ring)
Stlth  +++.......               (no ring)
                                (no ring)
                                (no ring)
                                (no ring)

@: not resistant to hostile enchantments, fairly stealthy
A: almost no armour, amphibious, 8 rings, constrict 8, camouflage 1, gelatinous
body 1
a: no special abilities


You were on level 2 of the Dungeon.
You were hungry.

You visited 1 branch of the dungeon, and saw 2 of its levels.

You collected 31 gold pieces.

Inventory:

Missiles
 a - 27 arrows
Scrolls
 d - 2 scrolls of identify {unknown}
 e - 2 scrolls of enchant armour {unknown}
 i - a scroll of remove curse {unknown}
Potions
 f - a potion of flight {unknown}
 g - 2 potions of curing {unknown}
 h - 2 potions of degeneration {unknown}
 j - 3 potions of agility {unknown}
Books
 b - a book of Changes

   Spells                             Type                      Level
   a - Beastly Appendage              Transmutation                1
   b - Sticks to Snakes               Transmutation                2
   c - Spider Form                    Transmutation/Poison         3
   d - Ice Form                       Ice/Transmutation            4
   e - Blade Hands                    Transmutation                5
Comestibles
 c - 2 bread rations


   Skills:
 - Level 1.0 Fighting
 + Level 2.2 Dodging
 * Level 2.2 Stealth
 + Level 3.2 Unarmed Combat
 * Level 2.4 Spellcasting
 * Level 2.2 Transmutations


You had 5 spell levels left.
You knew the following spells:

 Your Spells              Type           Power        Failure   Level  Hunger
a - Beastly Appendage     Trmt           #.....       10%         1    #......


Dungeon Overview and Level Annotations

Branches:
Dungeon (2/15)

Altars:

Annotations:
D:2 Ijyb


Innate Abilities, Weirdness & Mutations

You cannot wear most types of armour.
You are amphibious.
You can wear up to eight rings at the same time.
You can use your tentacles to constrict eight enemies at once.
Your skin changes colour to match your surroundings (Stealth).
Your rubbery body absorbs attacks (AC +1).


Message History

Memorise Spider Form, consuming 3 spell levels and leaving 2?
Okay, then.
You tentacle-slap the worm.
You kill the worm!
Your Stealth skill increases to level 2!
The goblin barely misses you. The rat bites you.
* * * LOW HITPOINT WARNING * * *
You closely miss the goblin. Your grab misses the goblin.
Your squeeze misses the goblin.
Ijyb screams, "You nasty!
Big nasty!"
The rat misses you.
You tentacle-slap Ijyb but do no damage.
You grab Ijyb. You constrict Ijyb.
The rat twitches its whiskers.
The rat bites you.
* * * LOW HITPOINT WARNING * * *
You tentacle-slap Ijyb.
Ijyb is lightly wounded.
You constrict Ijyb. Ijyb hits you with a dagger.
You die...

.....<.
......#
##.....##
##..>....#
#........)
#.....$...
#..g......
#.@g......
#.!r......
#.........
#...<.....
#.........
#.........
#....!..).
##.......#


You could see Ijyb, a goblin and a rat.

Vanquished Creatures
  A worm (D:2)
  2 giant geckos
  A giant cockroach (D:1)
  10 goblins (D:1)
  3 hobgoblins (D:1)
  3 bats (D:1)
  A giant newt (D:1)
  5 kobolds (D:1)
  6 rats (D:1)
32 creatures vanquished.

Notes
Turn   | Place    | Note
--------------------------------------------------------------
     0 | D:1      | lyrx the Octopode Transmuter began the quest for the Orb.
     0 | D:1      | Reached XP level 1. HP: 13/13 MP: 3/3
   104 | D:1      | Reached skill level 1 in Stealth
   385 | D:1      | Reached XP level 2. HP: 15/18 MP: 5/5
   846 | D:1      | Reached XP level 3. HP: 19/23 MP: 6/6
  1125 | D:2      | Noticed Ijyb
  1133 | D:2      | HP: 1/23 [rat (1)]
  1134 | D:2      | Slain by Ijyb

Vault maps used:
D:1:      ncdulo_smallfort
D:2:      ecumenical_altar_1, uniq_iyjb, uniq_jessica

Action                   || total
-------------------------++-------
Melee: Unarmed           ||    70
 Stab: Sleeping          ||     3
